 Dungeon Crawl Stone Soup version 0.27.1-37-g7b29ead8ac (webtiles) character file.

Game seed: 10830191241696479664

620 AarnesTheHuman the Changer (level 7, -1/48 HPs)
             Began as a Merfolk Transmuter on Aug 28, 2023.
             Slain by a gnoll sergeant (6 damage)
             ... on level 5 of the Dungeon.
             The game lasted 00:09:07 (5732 turns).

AarnesTheHuman the Changer (Merfolk Transmuter)     Turns: 5732, Time: 00:09:07

Health: -1/48      AC:  2    Str: 11    XL:     7   Next: 46%
Magic:  4/13       EV: 20    Int: 14    God:
Gold:   169        SH:  0    Dex: 19    Spells: 4/14 levels left

rFire    . . .     SeeInvis .     - Unarmed
rCold    . . .     Faith    .   (shield currently unavailable)
rNeg     . . .     Spirit   .   (armour currently unavailable)
rPois    x         Reflect  .   (helmet currently unavailable)
rElec    .         Harm     .   (cloak currently unavailable)
rCorr    .         Rampage  .   (gloves currently unavailable)
Will     .....                  (boots currently unavailable)
Stlth    ++........             i - amulet of magic regeneration
HPRegen  0.16/turn              (no ring)
MPRegen  0.38/turn              (no ring)

@: spider-form, wereblooded, very slightly contaminated
A: venomous fangs, tiny, (nimble swimmer 2), (mertail)
a: End Transformation


You were on level 5 of the Dungeon.
You were a venomous arachnid creature.
You visited 1 branch of the dungeon, and saw 5 of its levels.

You collected 169 gold pieces.

Inventory:

Hand Weapons
 a - a +1 dagger of venom (melded)
 b - a +0 vampiric dagger
 f - a +3 short sword
Missiles
 g - 179 stones
Armour
 c - a +0 robe (melded)
 d - a +1 pair of gloves (melded)
 h - a +1 pair of boots (melded)
 j - a +0 buckler
 m - a +1 cloak (melded)
Jewellery
 i - an amulet of magic regeneration (around neck)
Potions
 e - 2 potions of cancellation
 l - a potion of lignification
 n - 2 potions of magic


   Skills:
 - Level 1.1 Fighting
 - Level 2.6 Dodging
 + Level 3.5 Unarmed Combat
 - Level 4.0 Spellcasting
 - Level 6.0 Transmutations
 + Level 3.7 Ice Magic
 - Level 4.0 Poison Magic


You had 4 spell levels left.
You knew the following spells:

 Your Spells              Type           Power      Damage    Failure   Level
a - Beastly Appendage     Tmut           38%        N/A       7%          1
b - Wereblood             Tmut           19%        N/A       10%         2
c - Spider Form           Tmut/Pois      8%         N/A       21%         3
d - Ice Form              Ice/Tmut       16%        N/A       47%         4

Your spell library contained the following spells:

 Spells                   Type           Power      Damage    Failure   Level
 Stone Arrow              Conj/Erth      4%         3d7       71%         3
 Animate Armour           Summ/Erth      4%         N/A       96%         4
 Lehudib's Crystal Spear  Conj/Erth      1%         10d2      100%        8


Dungeon Overview and Level Annotations

Branches:
Dungeon (5/15)
 Temple: D:4-7

Altars:
Dithmenos
Hepliaklqana
Trog
Uskayaw

Shops:
D:2 (

Annotations:
D:3 Grinder
D:4 exclusion: 2 downstairs


Innate Abilities, Weirdness & Mutations

You are a venomous arachnid creature.
You have poisonous fangs.
You are tiny and dextrous.
Your spellcasting is less reliable in this form.
Your armour is entirely melded.
You are incapable of wielding weapons or throwing items.
((You are quick and stealthy near water. (Stealth+, EV+, Speed+++)))
((Your lower body shifts to a powerful aquatic tail in water.))


Message History

The gnoll sergeant is moderately wounded.
The gnoll sergeant hits you with a +2 spear of freezing.
The gnoll sergeant freezes you.
You hit the gnoll sergeant but do no damage.
The gnoll sergeant looks as sick as possible!
The gnoll sergeant is moderately wounded.
The gnoll sergeant barely misses you.
You hit the gnoll sergeant.
The gnoll sergeant looks as sick as possible!
The gnoll sergeant is heavily wounded.
The gnoll sergeant barely misses you.
Casting: Spider Form (dangerous; 21% risk of failure)
Confirm with . or Enter, or press ? or * to list all spells.
Your blood is infused with primal strength.
The gnoll sergeant hits you with a +2 spear of freezing!
The gnoll sergeant freezes you.
You hit the gnoll sergeant but do no damage.
The gnoll sergeant looks as sick as possible!
The gnoll sergeant is heavily wounded.
The gnoll sergeant hits you with a +2 spear of freezing.
The gnoll sergeant freezes you. The iguana misses you.
You hit the gnoll sergeant but do no damage.
The gnoll sergeant looks as sick as possible!
The gnoll sergeant is heavily wounded.
The gnoll sergeant hits you with a +2 spear of freezing!
The gnoll sergeant freezes you.
* * * LOW HITPOINT WARNING * * *
The iguana misses you.
You hit the gnoll sergeant but do no damage.
The gnoll sergeant looks as sick as possible!
The gnoll sergeant is severely wounded.
The gnoll sergeant barely misses you. The iguana bites you!
* * * LOW HITPOINT WARNING * * *
Unknown command.
Unknown command.
Casting: Wereblood (safe; 10% risk of failure)
Confirm with . or Enter, or press ? or * to list all spells.
You extend your transformation's duration.
The gnoll sergeant hits you with a +2 spear of freezing.
You die...

. . .. .. ...
########...
....#)....$....
...............
#...<.......
##..sl...n!. #..g...[...
# .# ...........#. #
#.###.............
######...[............#.
.................##.....
>...............##
...##$..# # ####...
..##..# .#.# #..# ..#.
####.# #.###... ....


You could see a necrophage, a gnoll sergeant (extremely poisoned) and an iguana.

Vanquished Creatures
  3 black bears
  An ogre (D:3)
  2 hounds
  A jelly (D:4)
  An orc wizard (D:5)
  2 gnolls (D:4)
  4 adders
  2 worms (D:2)
  5 dart slugs
  5 orcs
  2 bats (D:3)
  11 endoplasms
  3 giant cockroaches (D:1)
  2 goblins (D:1)
  3 hobgoblins
  6 kobolds
  2 quokkas (D:2)
  7 ball pythons
  3 frilled lizards
  17 rats
82 creatures vanquished.

Notes
Turn   | Place    | Note
-------+----------+-------------------------------------------
     0 | D:1      | AarnesTheHuman the Merfolk Transmuter began the quest for
                  | the Orb.
     0 | D:1      | Reached XP level 1. HP: 15/15 MP: 3/3
   117 | D:1      | Reached skill level 3 in Transmutations
   392 | D:1      | Reached XP level 2. HP: 21/21 MP: 5/5
   720 | D:1      | Found a faded altar of an unknown god.
   808 | D:1      | Reached skill level 4 in Transmutations
  1149 | D:2      | Reached XP level 3. HP: 26/26 MP: 6/6
  1152 | D:2      | Learned a level 2 spell: Wereblood
  1156 | D:2      | Learned a level 3 spell: Spider Form
  1504 | D:2      | You fall into a shaft and drop 1 floor!
  1504 | D:3      | Noticed an ogre
  1639 | D:2      | Found Hoigeric's Weapon Boutique.
  1843 | D:2      | Found a shadowy altar of Dithmenos.
  1858 | D:2      | Noticed a black bear
  1873 | D:2      | Killed a black bear
  1874 | D:2      | Reached skill level 5 in Transmutations
  1874 | D:2      | Reached XP level 4. HP: 16/32 MP: 6/8
  1874 | D:2      | Reached XP level 5. HP: 19/37 MP: 6/9
  2569 | D:3      | Noticed Grinder
  2717 | D:3      | Killed an ogre
  2718 | D:3      | Reached XP level 6. HP: 43/43 MP: 7/11
  2723 | D:3      | Learned a level 4 spell: Ice Form
  4273 | D:4      | Noticed a black bear
  4289 | D:4      | Killed a black bear
  4290 | D:4      | Reached skill level 6 in Transmutations
  4290 | D:4      | Reached skill level 1 in Ice Magic
  4566 | D:4      | Found a hide-covered altar of Uskayaw.
  4574 | D:4      | Found a hazy altar of Hepliaklqana.
  4758 | D:5      | Entered Level 5 of the Dungeon
  4805 | D:5      | Noticed a necrophage
  4859 | D:5      | Noticed a black bear
  5167 | D:4      | Killed a black bear
  5168 | D:4      | Reached XP level 7. HP: 35/48 MP: 11/13
  5301 | D:5      | Found a bloodstained altar of Trog.
  5732 | D:5      | Slain by a gnoll sergeant

Illustrated notes

Levels and vault maps discovered:
D:1:      lordsloth_arrival_two_stooges, layout_basic,
          hellmonk_ecumenical_altar_run_dry
D:2:      layout_loops_cross, serial_shops, nicolae_shop_waterfront,
          basic_altar, minmay_rat_gold_closets
D:3:      layout_loops_ring, kennysheep_generic_room_16, uniq_grinder
D:4:      layout_basic, amethyst_overflow_temple_binary
D:5:      layout_rooms, mainiacjoe_overflow_24_doors,
          nicolae_overflow_hidden_temple

Skill      XL: |  1  2  3  4  5  6  7 |
---------------+----------------------+-----
Transmutations | 3 4 5 6 |  6.0
Poison Magic   | 2 4 |  4.0
Spellcasting   | 3 4 |  4.0
Ice Magic      | 2 3 |  3.7
Fighting       | |  1.1
Dodging        | |  2.6
Unarmed Combat | |  3.5

Action                   |  1- 3 |  4- 6 |  7- 9 || total
-------------------------+-------+-------+-------++-------
Melee: Unarmed           |    18 |    28 |    36 ||    82
       Dagger            |   128 |   105 |     3 ||   236
       Headbutt          |    10 |     8 |       ||    18
       Punch             |     3 |     2 |       ||     5
 Cast: Beastly Appendage |    19 |     7 |       ||    26
       Wereblood         |     3 |     3 |     5 ||    11
       Spider Form       |     1 |    10 |     7 ||    18
 Abil: End Transformatio |       |     1 |       ||     1
  Use: Scroll            |       |    11 |       ||    11
       Potion            |       |     1 |       ||     1
 Stab: Sleeping          |     2 |     4 |       ||     6
Armor: Robe              |    21 |    16 |     2 ||    39
       Skin              |     1 |     5 |       ||     6
Dodge: Dodged            |    78 |    92 |    45 ||   215
